 Dungeon Crawl Stone Soup version 0.20.1-1-g8b1a95d (webtiles) character file.

43 Golfball the Cudgeler (level 3, 0/23 HPs)
             Began as a Gargoyle Fighter on Dec 3, 2017.
             Slain by Sigmund
             ... wielding a +0 scythe of venom
              (7 damage)
             ... on level 2 of the Dungeon.
             The game lasted 00:04:27 (1105 turns).

Golfball the Cudgeler (Gargoyle Fighter)            Turns: 1105, Time: 00:04:27

Health: 0/23       AC: 10    Str: 25    XL:     3   Next: 58%
Magic:  3/3        EV:  7    Int:  8    God:
Gold:   95         SH: 10    Dex: 15    Spells: 2/2 levels left

rFire    . . .     SeeInvis .   a - +0 flail
rCold    . . .     Gourm    .   c - +0 shield
rNeg     + . .     Faith    .   b - +0 scale mail
rPois    ∞         Spirit   .   (no helmet)
rElec    +         Reflect  .   (no cloak)
rCorr    .         Harm     .   (no gloves)
MR       .....                  (no boots)
Stlth    ..........             (no amulet)
Regen    0.1/turn               n - +6 ring of dexterity
MPRegen  0.1/turn               (no ring)

@: mighty
A: negative energy resistance 1, electricity resistance, unbreathing,
petrification resistance, rot immunity, AC +3
a: no special abilities


You were on level 2 of the Dungeon.
You were not hungry.

You visited 1 branch of the dungeon, and saw 2 of its levels.

You collected 95 gold pieces.

Inventory:

Hand Weapons
 a - a +0 flail (weapon)
Missiles
 q - 7 javelins of returning (quivered)
Armour
 b - a +0 scale mail (worn)
 c - a +0 shield (worn)
Jewellery
 n - a +6 ring of dexterity (left hand)
Scrolls
 h - a scroll of teleportation {unknown}
 i - a scroll of immolation {unknown}
 j - a scroll of amnesia {unknown}
 l - 2 scrolls of fog {unknown}
Potions
 e - 3 potions of flight {unknown}
 k - a potion of mutation {unknown}
 o - a potion of berserk rage {unknown}
 p - a potion of curing {unknown}
Comestibles
 f - 2 bread rations
 g - 11 chunks of flesh
 m - a meat ration
 r - a fruit


   Skills:
 - Level 3.2 Fighting
 + Level 3.8 Maces & Flails
 - Level 3.2 Armour
 - Level 3.2 Shields


You had 2 spell levels left.
You didn't know any spells.

Dungeon Overview and Level Annotations

Branches:
Dungeon (2/15)

Altars:

Annotations:
D:2 Sigmund


Innate Abilities, Weirdness & Mutations

You are resistant to torment.
Your stone body is resilient. (AC +3)
You are immune to poison.
You resist negative energy. (rN+)
You are resistant to electric shocks. (rElec)
You can survive without breathing.
You are immune to petrification.
You are immune to rotting.


Message History

The quokka bites you but does no damage.
You see here a rat corpse.
You miss the quokka. You block the quokka's attack.
The quokka bites you but does no damage.
You thump the quokka!
You kill the quokka!
Sigmund the Dreaded comes into view.
He is wielding a scythe of venom.
Sigmund shouts!
You see here a quokka corpse.
You butcher the quokka corpse.
Sigmund casts a spell at you. The puff of flame hits you!
You see here a chunk of flesh.
You see here a rat corpse.
Sigmund casts a spell at you. The puff of flame hits you!
Sigmund hits you from afar with a scythe of venom.
You feel very mighty all of a sudden.
Sigmund hits you with a scythe of venom!
You die...

########### #..........
#.######### ##########.#
## #.......##.####. ...
####..$..%†!.....#.###.
.......................
#####.......#####.....#.
......@@........#####...
+##############.# #.....
#...#. #####. ...####
#).... ....### .......
....###


You could see Sigmund.

Vanquished Creatures
  A dart slug (D:1)
  2 leopard geckos (D:1)
  2 giant cockroaches (D:1)
  4 hobgoblins
  4 jackals (D:2)
  3 kobolds
  A quokka (D:2)
  7 bats
  2 frilled lizards
  3 goblins (D:1)
  9 rats
38 creatures vanquished.

Notes
Turn   | Place    | Note
-------+----------+-------------------------------------------
     0 | D:1      | Golfball the Gargoyle Fighter began the quest for the Orb.
     0 | D:1      | Reached XP level 1. HP: 14/14 MP: 1/1
   131 | D:1      | Reached XP level 2. HP: 17/19 MP: 2/2
   685 | D:1      | Reached XP level 3. HP: 23/23 MP: 3/3
  1098 | D:2      | Noticed Sigmund
  1105 | D:2      | Slain by Sigmund

Skill      XL: |  1  2 |
---------------+-------+-----
Maces & Flails | 3 |  3.8
Fighting       | |  3.2
Armour         | |  3.2
Shields        | |  3.2

Action                   || total
-------------------------++-------
Melee: Flail             ||   163
  Use: Potion            ||     1
  Eat: Chunk             ||     1
Armor: Scale mail        ||    88
Dodge: Dodged            ||    67
Block: Shield            ||    94
